 Dungeon Crawl Stone Soup version 0.30-a0-557-ge2afbf3030 (webtiles) character file.

Game seed: 5266009910777524318

5313 sokol815 the Markskobold (level 10, -4/56 HPs)
             Began as a Kobold Delver on Dec 27, 2022.
             Was a Priest of Wu Jian.
             Killed by the air
             ... invoked by Gastronok
              (29 damage)
             ... on level 8 of the Dungeon.
             The game lasted 00:25:11 (9389 turns).

sokol815 the Markskobold (Kobold Delver)            Turns: 9389, Time: 00:25:11

Health: -4/56      AC:  8    Str: 10    XL:     10   Next: 95%
Magic:  10/10      EV: 15    Int: 11    God:    Wu Jian [***...]
Gold:   361        SH:  0    Dex: 21    Spells: 9/9 levels left

rFire   . . .      SeeInvis +    b - +27 heavy crossbow "Sniper" {heavy, Acc+∞ SInv}
rCold   + . .      Faith    .    (shield currently unavailable)
rNeg    . . .      Spirit   .    q - +1 robe {rC+}
rPois   .          Reflect  .    o - +1 helmet
rElec   .          Harm     .    (no cloak)
rCorr   .          Rampage  .    v - +0 pair of gloves
Will    .....                    r - +1 pair of boots
Stlth   +++++                    Z - amulet of regeneration
HPRegen 1.09/turn                (no ring)
MPRegen 0.12/turn                (no ring)

@: slowed, very slow
A: small, no large weapons, nightstalker 3
a: Renounce Religion, Wall Jump, Serpent's Lash


You were on level 8 of the Dungeon.
You worshipped Wu Jian.
Wu Jian was most pleased with you.
You visited 1 branch of the dungeon, and saw 8 of its levels.
You also visited: Ossuary.

You collected 361 gold pieces.

Inventory:

Hand Weapons
 a - a +2 quick blade of electrocution
   (You acquired it on level 7 of the Dungeon)
 b - the +27 heavy crossbow "Sniper" (weapon) {heavy, Acc+∞ SInv}
   (You acquired it on level 7 of the Dungeon)

   Any ammunition fired from it deals dramatically more damage, but attacks with
   it are much slower.
   Any ammunition fired from it never misses its target.
   SInv:      It lets you see invisible.
 I - a +2 dagger of protection
   (You took it off an orc wizard on level 6 of the Dungeon)
 Q - a +3 short sword
   (You took it off an orc on level 7 of the Dungeon)
Missiles
 g - 8 poisoned darts
 k - an atropa-tipped dart
 s - 49 stones
 S - 3 boomerangs
 W - 2 datura-tipped darts
Armour
 e - a +0 chain mail
   (You found it on level 5 of the Dungeon)
 f - a +2 chain mail of willpower
   (You found it on level 1 of the Dungeon)
 i - a +0 leather armour
 o - a +1 helmet (worn)
   (You took it off Robin on level 2 of the Dungeon)
 p - a +2 animal skin
   (You took it off Robin on level 2 of the Dungeon)
 q - a +1 robe of cold resistance (worn)
   (You took it off an orc wizard on level 6 of the Dungeon)
 r - a +1 pair of boots (worn)
   (You found it on level 3 of the Dungeon)
 v - a +0 pair of gloves (worn)
   (You found it on level 3 of the Dungeon)
 G - a +0 ring mail
   (You took it off an orc priest on level 7 of the Dungeon)
Magical Staves
 U - a staff of air {rElec}
   (You found it on level 7 of the Dungeon)
Jewellery
 m - an amulet of guardian spirit
   (You found it on level 2 of the Dungeon)
 u - an amulet of faith
   (You found it on level 3 of the Dungeon)
 R - an amulet of reflection
   (You found it on level 7 of the Dungeon)
 Z - an amulet of regeneration (around neck)
   (You took it off an orc wizard on level 7 of the Dungeon)
Wands
 d - a wand of digging (3)
 j - a wand of polymorph (5)
   (You found it on level 5 of the Dungeon)
 y - a wand of mindburst (7)
   (You found it on level 6 of the Dungeon)
 D - a wand of quicksilver (1)
   (You found it on level 5 of the Dungeon)
Scrolls
 c - 2 scrolls of fog
 z - a scroll of enchant armour
 E - 3 scrolls of fear
 K - a scroll of immolation {!r}
 V - a scroll of vulnerability {!r!r}
 X - a scroll of magic mapping {@r4!r}
 Y - a scroll of teleportation {@r3}
Potions
 h - a potion of experience {unknown}
 n - 2 potions of lignification {unknown}
 t - a potion of ambrosia {unknown}
 x - 4 potions of attraction {unknown}
 A - a potion of mutation {unknown}
 B - 4 potions of brilliance
 C - 2 potions of berserk rage {unknown}
 F - a potion of flight {unknown}
 H - a potion of haste
 J - 6 potions of curing {@q1}
 L - 2 potions of cancellation
 M - 5 potions of might
 N - a potion of heal wounds {@q2}
 O - 2 potions of resistance {unknown}
 T - a potion of invisibility {unknown}
Miscellaneous
 l - a condenser vane
   (You found it on level 7 of the Dungeon)
 w - a phial of floods
   (You found it on level 7 of the Dungeon)


   Skills:
 - Level 3.2 Fighting
 - Level 12.9 Short Blades
 * Level 15.3 Ranged Weapons
 - Level 2.4 Dodging
 - Level 6.6 Stealth


You had 9 spell levels left.
You didn't know any spells.
Your spell library contained the following spells:

 Spells                   Type           Power      Damage    Failure   Level
 Apportation              Tloc           0%         N/A       34%         1
 Ignite Poison            Fire/Tmut/Pois 0%         N/A       71%         3
 Kindle Blastsparks       Fire/Tloc/Air  0%         2d10      71%         3
 Alistair's Intoxication  Tmut/Pois      0%         N/A       100%        5
 Freezing Cloud           Conj/Ice/Air   0%         6-21      100%        5
 Malign Gateway           Summ/Tloc      0%         N/A       100%        7
 Summon Horrible Things   Summ           0%         N/A       100%        8


Dungeon Overview and Level Annotations

Branches:
Dungeon (8/15) Zot: 26962  Temple (0/1) D:4         Ossuary (visited)
   Lair: D:8-11

Altars:
Cheibriados
Elyvilon
Gozag
Trog
Wu Jian
Xom
Zin
The Shining One

Shops:
D:3 *

Annotations:
D:2 Sigmund
D:5 exclusion: downstairs
D:6 3 runed translucent doors, 2 exclusions, scionoferis's ghost, novice OpTm
D:7 2 runed translucent doors, 1 exclusion
D:8 Gastronok


Innate Abilities, Weirdness & Mutations

You are small and have problems with some larger weapons.
You are completely attuned to the shadows.


Message History

There is an open door here.
Found a stone staircase leading up.
There is a stone staircase leading up here.
Partly explored, can't reach some places.
Search for what [Enter for "short blades", or ? for help]? ring
There is an open door here.
There is a stone staircase leading down here.
Things that are here:
a +0 whip; a +0 ring mail
G - a +0 ring mail Fire: b) +27 heavy crossbow "Sniper" {heavy, Acc+∞ SInv} You shoot a bolt.
You start removing your armour.
You continue taking off your +1 robe of cold resistance. x4
You finish taking off your +1 robe of cold resistance.
You feel less resistant to cold.
You start putting on your armour.
You continue putting on your +0 ring mail. x5
You finish putting on your +0 ring mail.
Fire: b) +27 heavy crossbow "Sniper" {heavy, Acc+∞ SInv} You shoot a bolt.
You start removing your amulet.
You continue taking off your amulet of reflection. x4
You finish taking off your amulet of reflection.
You start putting on your amulet.
You continue putting on your amulet of regeneration. x5
You finish putting on your amulet of regeneration.
The amulet throbs as it attunes itself to your uninjured body.
Z - an amulet of regeneration (around neck)
Okay, then.
You start removing your armour.
You continue taking off your +0 ring mail. x4
You finish taking off your +0 ring mail.
You start putting on your armour.
You continue putting on your +1 robe of cold resistance. x5
You finish putting on your +1 robe of cold resistance.
You feel resistant to cold.
Partly explored, can't reach some places.
Things that are here:
a +0 dagger; a +0 robe
There is an open door here.
You see here a scroll of immolation {!r}.
K - a scroll of immolation {!r};
L - 2 potions of cancellation Partly explored, can't reach some places.
Partly explored, can't reach some places.
(D) Dungeon (T) Temple
Where to? (Enter - D:7 @ (x,y), ? - help)
There is an open door here.
There is a stone staircase leading down here.
You climb downwards.
There is a stone staircase leading up here.
A water moccasin comes into view.
You shoot a bolt. The bolt hits the water moccasin!!
You hear a shout!
The water moccasin bites you but does no damage.
You hear a howl!
You shoot a bolt. The bolt hits the water moccasin!!
You kill the water moccasin!
The Council accepts your kill.
You now have 361 gold pieces (gained 13).
A deep elf pyromancer comes into view. It is wielding a +0 rapier.
You shoot a bolt.
The bolt hits the deep elf pyromancer!!!
You kill the deep elf pyromancer!
The Council accepts your kill.
You hear a horrible gurgling sound!
You hear a howl!
A howler monkey comes into view.
The howler monkey hoots and howls with incredible vigour!
Gastronok the Ponderous comes into view.
He is wearing the +3 hat of Pondering {ponderous, Will+ MP+10 Int+5}.
You hear two shouts!
You hear an angry hiss.
You hear a howl!
You hear an angry buzzing noise. x3; You hear a shout! x4
Your Ranged Weapons skill increases to level 15!
You shoot a bolt. The bolt hits the howler monkey!!!
You kill the howler monkey!
The Council accepts your kill.
You shoot a bolt. The bolt hits Gastronok!!
Gastronok's eyestalks quiver as he mumbles some strange words.
Gastronok puts on a burst of speed!
You shoot a bolt. The bolt hits Gastronok!!
You shoot a bolt. The bolt hits Gastronok!!!
You hear an angry hiss. x2
Gastronok waves his eye-stalks in wide circles.
The air twists around and strikes you!!
You take 20 damage, and have 36/56 hp.
MASSIVE DAMAGE!!
You shoot a bolt. The bolt hits Gastronok!!
A vampire comes into view.
Gastronok looks at you while chanting.
You feel yourself slow down.
You regained 3 hp, and now have 39/56 hp.
You shoot a bolt. The bolt hits Gastronok!
A centaur comes into view.
A steam dragon comes into view.
The vampire hits you. The vampire closely misses you.
A water moccasin comes into view.
Gastronok bites you. The vampire barely misses you. The vampire bites you.
The vampire draws strength from your injuries!
Gastronok waves his eye-stalks in wide circles.
The air twists around and strikes you!!
Ouch! That really hurt!
You die...

#.#.## #....#
#....#
#####...#.#
#.....<.#.## .#
#.....†..#.# #.##
#.........#)#...
#.........##..#
#.......##.V@#
#.......#####wD..
#.[.....# c##$
#.......# S.
#####.### ...


You could see Gastronok (swift), a vampire, a steam dragon, a water moccasin
(wandering) and a centaur.

Vanquished Creatures
  A boulder beetle (D:7)
  2 deep elf pyromancers
  An ugly thing (D:7)
  A troll (D:6)
  3 yaks (D:6)
  A wyvern (D:7)
  A vampire mosquito (D:7)
  A steam dragon (D:7)
  4 water moccasins
  An orc warrior (D:6)
  2 ogres (D:5)
  An ice beast (D:7)
  A sky beast (D:4)
  A bullfrog (D:7)
  3 scorpions
  2 necrophages
  A howler monkey (D:8)
  A centaur zombie (Ossuary)
  A gnoll bouda (D:7)
  2 hounds
  A human zombie (Ossuary)
  2 jellies (D:4)
  5 orc priests
  5 iguanas
  14 orc wizards
  Terence (D:2)
  2 mummies (Ossuary)
  Robin (D:2)
  9 gnolls
  8 adders
  A shadow imp (D:5)
  A white imp (D:7)
  An ufetubus (D:3)
  3 adder zombies (Ossuary)
  A worm (D:2)
  4 dart slugs
  18 orcs
  5 endoplasms
  2 giant cockroaches (D:1)
  15 goblins
  10 hobgoblins
  2 jackals (D:4)
  7 kobolds
  3 quokkas
  5 ball pythons
  4 bats
  2 goblin zombies (Ossuary)
  13 hobgoblin zombies
  A jackal zombie (Ossuary)
  10 kobold zombies (Ossuary)
  6 orc zombies (Ossuary)
  5 rats
  2 rat zombies
200 creatures vanquished.

Vanquished Creatures (others)
  An orc wizard (D:6)
1 creature vanquished.

Grand Total: 201 creatures vanquished

Notes
Turn   | Place    | Note
-------+----------+-------------------------------------------
     0 | D:5      | sokol815 the Kobold Delver began the quest for the Orb.
     0 | D:5      | Reached XP level 1. HP: 14/14 MP: 1/1
    59 | D:5      | Noticed a scorpion
    68 | D:5      | Noticed an orc wizard
    68 | D:5      | Noticed an orc priest
    79 | D:4      | Noticed an iguana
   105 | D:3      | Noticed an orc wizard
   170 | D:3      | HP: 2/14 [orc/+0 flail (2)]
   172 | D:3      | Reached skill level 3 in Short Blades
   291 | D:1      | Reached XP level 2. HP: 15/19 MP: 2/2
   448 | D:1      | Reached skill level 4 in Short Blades
   711 | D:1      | Reached XP level 3. HP: 23/23 MP: 3/3
  1006 | D:2      | Noticed Robin
  1050 | D:2      | Noticed Sigmund
  1110 | D:2      | Reached skill level 5 in Short Blades
  1162 | D:2      | Reached XP level 4. HP: 27/28 MP: 4/4
  1409 | D:2      | Killed Robin
  1410 | D:2      | Reached skill level 6 in Short Blades
  1494 | D:2      | Found an ornate altar of the Wu Jian Council.
  1499 | D:2      | Became a worshipper of the Wu Jian Council
  1600 | D:2      | Noticed Terence
  1693 | D:2      | HP: 5/28 [Terence/+1 trident of freezing (3)]
  1807 | D:2      | HP: 7/28 [Terence/+1 trident of freezing (4)]
  1810 | D:2      | Killed Terence
  1811 | D:2      | Reached XP level 5. HP: 8/32 MP: 0/5
  2243 | D:3      | Reached skill level 7 in Short Blades
  2378 | D:3      | Found Yfevad's General Store.
  2546 | D:2      | Reached skill level 1 in Ranged Weapons
  2800 | D:3      | Reached skill level 2 in Ranged Weapons
  2800 | D:3      | Reached XP level 6. HP: 35/37 MP: 3/6
  3469 | D:4      | Reached skill level 3 in Ranged Weapons
  3535 | D:4      | Reached skill level 8 in Short Blades
  3543 | D:4      | Found a staircase to the Ecumenical Temple.
  3651 | D:4      | Reached XP level 7. HP: 34/41 MP: 4/7
  3697 | D:4      | Reached skill level 4 in Ranged Weapons
  4284 | D:5      | Reached * piety under Wu Jian
  4287 | D:5      | Reached skill level 5 in Ranged Weapons
  4327 | D:5      | Found a snail-covered altar of Cheibriados.
  4345 | D:5      | Found an opulent altar of Gozag.
  4486 | D:5      | HP: 6/37 [orc priest/divine providence (11)]
  4496 | D:5      | Reached skill level 9 in Short Blades
  4501 | D:5      | HP: 8/38 [orc wizard/bolt of dispelling energy (9)]
  4654 | D:5      | HP: 2/38 [ogre/+0 giant spiked club (9)]
  4658 | D:5      | Reached XP level 8. HP: 14/46 MP: 0/8
  4670 | D:5      | HP: 4/46 [iguana (11)]
  4861 | D:5      | Reached skill level 6 in Ranged Weapons
  4957 | D:5      | Found a shimmering altar of Xom.
  5215 | D:5      | Reached skill level 10 in Short Blades
  5430 | D:5      | Found a bloodstained altar of Trog.
  5628 | D:6      | Noticed a yak
  5742 | D:6      | Reached skill level 7 in Ranged Weapons
  6124 | D:6      | Reached ** piety under Wu Jian
  6145 | D:6      | Reached skill level 8 in Ranged Weapons
  6312 | D:6      | Found a glowing silver altar of Zin.
  6312 | D:6      | Found a glowing golden altar of the Shining One.
  6313 | D:6      | Found a white marble altar of Elyvilon.
  6373 | D:6      | Reached skill level 11 in Short Blades
  6373 | D:6      | Reached XP level 9. HP: 45/51 MP: 7/9
  6570 | D:6      | Found a runed translucent gate.
  6655 | D:6      | Reached skill level 9 in Ranged Weapons
  6844 | D:6      | Reached skill level 12 in Short Blades
  7015 | D:6      | Noticed a troll
  7025 | D:6      | HP: 12/51 [troll (9)]
  7026 | D:6      | Killed a troll
  7027 | D:6      | Reached skill level 10 in Ranged Weapons
  7269 | D:6      | Found a runed translucent gate.
  7269 | D:6      | Found a runed translucent gate.
  7291 | D:6      | Noticed scionoferis's ghost (novice OpTm)
  7444 | D:7      | Found a sand-covered staircase.
  7645 | Ossuary  | Entered an ossuary
  7716 | Ossuary  | Reached *** piety under Wu Jian
  7979 | D:7      | Identified 2 scrolls of acquirement
  7979 | D:7      | Acquired a +2 quick blade of electrocution
  7982 | D:7      | Acquired the +27 heavy crossbow "Sniper" {heavy, Acc+∞
                  | SInv}
  7982 | D:7      | Found the +27 heavy crossbow "Sniper" {heavy, Acc+∞ SInv}
  8058 | D:7      | Reached skill level 11 in Ranged Weapons
  8058 | D:7      | Reached XP level 10. HP: 56/56 MP: 10/10
  8103 | D:7      | Found a runed translucent door.
  8104 | D:7      | Noticed a white ugly thing
  8115 | D:7      | Noticed a red ugly thing
  8118 | D:7      | Killed a red ugly thing
  8119 | D:7      | Reached skill level 12 in Ranged Weapons
  8120 | D:7      | Reached skill level 13 in Ranged Weapons
  8389 | D:7      | Noticed a deep elf pyromancer
  8390 | D:7      | Noticed a boulder beetle
  8394 | D:7      | Killed a deep elf pyromancer
  8400 | D:7      | Killed a boulder beetle
  8401 | D:7      | Reached skill level 14 in Ranged Weapons
  9099 | D:7      | Found a runed translucent door.
  9382 | D:8      | Noticed a deep elf pyromancer
  9383 | D:8      | Killed a deep elf pyromancer
  9383 | D:8      | Noticed Gastronok
  9384 | D:8      | Reached skill level 15 in Ranged Weapons
  9389 | D:8      | Killed from afar by Gastronok

Illustrated notes

Levels and vault maps discovered:
D:1:      dpeg_arrival_chambers_temple_mockup, layout_rooms
D:2:      layout_rooms, basic_altar, uniq_sigmund, uniq_robin, uniq_terence
D:3:      wad_pebble_path, layout_basic, serial_shops, shop
D:4:      layout_loops_cross, minmay_temple_entry_mist,
          hangedman_minor_gate_pass
D:5:      layout_rooms, kennysheep_slug_shrine, nicolae_gozag_seed_capital,
          nicolae_overflow_crystal_walls, kennysheep_mini_moat, serial_glass,
          glass_columns_a, glass_columns_b, roderic_serpentine_path,
          small_statue_intersection
D:6:      minmay_flawed_box, layout_layer_cave, good_gods_temple_1,
          ebering_ghost_rock_garden, serial_glass, glass_columns_b,
          glass_columns_a, glass_columns_a
D:7:      minmay_the_grid_four_pointed_star
          [minmay_the_grid_triangle_9x9_windchime,
          minmay_the_grid_triangle_9x9_tough_junction,
          minmay_the_grid_triangle_9x9_stretched_checkered,
          minmay_the_grid_triangle_9x9_warning,
          minmay_the_grid_prize_diamond_cup], layout_basic, enter_ossuary_3,
          minmay_misc_feat_encased, minmay_large_rounded_square,
          grunt_ministairs_2, grunt_decor_junction
D:8:      layout_rooms, corexii_checkpoint_a, minmay_manual_mess, uniq_amaemon,
          uniq_erica, uniq_gastronok

Skill      XL: |  1  2  3  4  5  6  7  8  9 10 |
---------------+-------------------------------+-----
Short Blades   | 3 4 5 6 7 8 9 11 12 | 12.9
Ranged Weapons | 2 3 5 8 11 15 | 15.3
Fighting       | |  3.2
Dodging        | |  2.4
Stealth        | |  6.6

Action                   |  1- 3 |  4- 6 |  7- 9 | 10-12 || total
-------------------------+-------+-------+-------+-------++-------
Melee: Short sword       |    96 |   281 |   174 |       ||   551
       Punch             |       |     3 |     8 |       ||    11
       Rapier            |       |       |   354 |       ||   354
       Quick blade       |       |       |       |    11 ||    11
 Fire: Sling             |       |    14 |    33 |       ||    47
       Heavy crossbow    |       |       |     1 |    38 ||    39
Throw: Stone             |     2 |       |       |       ||     2
       Dart              |       |     2 |       |       ||     2
Invok: Lunge             |       |     5 |    19 |     2 ||    26
       Whirlwind         |       |       |     2 |       ||     2
Evoke: Wand              |       |       |     9 |       ||     9
  Use: Scroll            |     1 |     4 |     6 |     2 ||    13
       Potion            |     1 |       |     2 |       ||     3
 Stab: Sleeping          |     5 |     2 |     3 |       ||    10
Armor: Chain mail        |    49 |   125 |   204 |    18 ||   396
       Leather armour    |     2 |       |       |       ||     2
       Robe              |       |       |       |     3 ||     3
Dodge: Dodged            |    26 |    75 |   104 |    17 ||   222
Block: Other             |       |       |       |     4 ||     4

Table legend: (Time is in decaauts)
 A = Elapsed time spent in this place.
 B = Non-inter-level travel time spent in this place.
 C = Inter-level travel time spent in this place.
 D = Time resting spent in this place.
 E = Time spent auto-exploring this place.
 F = Levels seen in this place.
 G = Mean time per level.
                   A        B        C        D        E       F      G
               +--------+--------+--------+--------+--------+-----+--------+
         Total |   9158 |   8832 |    326 |   2022 |   4940 |   9 | 1017.6 |
       Dungeon |   8856 |   8530 |    326 |   2022 |   4799 |   8 | 1107.0 |
       Ossuary |    301 |    301 |      0 |      0 |    141 |   1 |  301.0 |
               +--------+--------+--------+--------+--------+-----+--------+

Top non-repeatable levels by time:
     D:7: 1753 daAuts
     D:5: 1582 daAuts
     D:6: 1407 daAuts
     D:3: 1133 daAuts
     D:4: 1078 daAuts
     D:2: 970 daAuts
     D:1: 897 daAuts
 Ossuary: 301 daAuts
     D:8: 34 daAuts

Table legend:
 A = Kills in this place as a percentage of kills in entire the game.
 B = Kills by you in this place as a percentage of kills by you in the entire game.
 C = Kills by friends in this place as a percentage of kills by friends in the entire game.
 D = Other kills in this place as a percentage of other kills in the entire game.
 E = Experience gained in this place as a percentage of experience gained in the entire game.
 F = Experience gained in this place divided by the number of levels of this place that you have seen.
                   A       B       C       D       E      F
               +-------+-------+-------+-------+-------+----------------------
         Total | 100.0 | 100.0 |   N/A | 100.0 | 100.0 | 843.4
       Dungeon |  80.6 |  80.5 |   N/A | 100.0 |  97.8 | 927.8
       Ossuary |  19.4 |  19.5 |   N/A |   0.0 |   2.2 | 169.0
               +-------+-------+-------+-------+-------+----------------------
